 Dungeon Crawl Stone Soup version 0.21.1-1-g345015f (webtiles) character file.

2616 tidbits the Reanimator (level 9, 29/66 HPs)
             Began as a Gnoll Necromancer on June 15, 2018.
             Quit the game on level 5 of the Dungeon.
             The game lasted 00:18:35 (1604 turns).

tidbits the Reanimator (Gnoll Necromancer)          Turns: 1604, Time: 00:18:36

Health: 29/66      AC:  6    Str: 12    XL:     9   Next: 60%
Magic:  19/19      EV: 16    Int: 20    God:
Gold:   90         SH:  0    Dex: 15    Spells: 8/21 levels left

rFire    . . .     SeeInvis .   b - +5 morningstar
rCold    . . .     Gourm    .   (no shield)
rNeg     . . .     Faith    .   e - +0 robe
rPois    .         Spirit   .   (no helmet)
rElec    .         Reflect  .   (no cloak)
rCorr    .         Harm     .   (no gloves)
MR       .....     Clarity  +   F - +1 pair of boots Stlth +++.......Rnd*Tele +
                                j - amulet of magic regeneration
HPRegen  0.21/turn              s - ring of teleportation (curse)
MPRegen  0.41/turn              (no ring)

@: no status effects
A: distributed training, fangs 1, slimy green scales 1, clarity, wild magic 1,
strong nose
a: no special abilities


You were on level 5 of the Dungeon.
You were not hungry.

You visited 1 branch of the dungeon, and saw 8 of its levels.

You collected 90 gold pieces.

Inventory:

Hand Weapons
 a - a +0 dagger
 b - a +5 morningstar (weapon)
 h - a +0 mace
 k - a +0 spear
 q - a +0 shortbow
 r - a +0 long sword
 t - a +0 rapier
 u - a +2 short sword of speed
   (You took it off a big kobold on level 7 of the Dungeon)
 w - a +2 flail of protection
   (You found it on level 7 of the Dungeon)
Missiles
 l - 140 arrows
 n - 16 stones (quivered)
Armour
 e - a +0 robe (worn)
 y - a +0 pair of boots
 F - a +1 pair of boots (worn)
Jewellery
 j - an amulet of magic regeneration (around neck)
   (You found it on level 2 of the Dungeon)
 s - a cursed ring of teleportation (left hand)
   (You found it on level 7 of the Dungeon)
Wands
 i - a wand of flame (8)
Scrolls
 d - a scroll of fear
 f - 3 scrolls of teleportation
 o - 2 scrolls of fog
 p - a scroll of enchant weapon
 B - a scroll of identify
 D - a scroll of noise {unknown}
Potions
 g - 5 potions of curing {unknown}
 m - a potion of degeneration
 x - a potion of ambrosia
 z - a potion of might
 A - a potion of brilliance {unknown}
 C - a potion of magic {unknown}
Books
 v - a book of Necromancy

   Spells                             Type                      Level
   a - Pain                           Necromancy                   1
   b - Animate Skeleton               Necromancy                   1
   c - Vampiric Draining              Necromancy                   3
   d - Regeneration                   Charms/Necromancy            3
   e - Animate Dead                   Necromancy                   4
   f - Borgnjor's Vile Clutch         Necromancy/Earth             5
Comestibles
 c - 7 rations


   Skills:
 + Level 4.3 Fighting
 + Level 4.3 Short Blades
 + Level 4.3 Long Blades
 + Level 4.3 Axes
 + Level 4.3 Maces & Flails
 + Level 4.3 Polearms
 + Level 4.3 Staves
 + Level 4.3 Slings
 + Level 4.3 Bows
 + Level 4.3 Crossbows
 + Level 4.3 Throwing
 + Level 4.3 Armour
 + Level 6.3 Dodging
 + Level 6.1 Stealth
 + Level 4.3 Shields
 + Level 4.3 Unarmed Combat
 + Level 6.7 Spellcasting
 + Level 3.5 Conjurations
 + Level 3.5 Hexes
 + Level 3.5 Charms
 + Level 3.5 Summonings
 + Level 8.0 Necromancy
 + Level 3.5 Translocations
 + Level 3.5 Transmutations
 + Level 3.5 Fire Magic
 + Level 3.5 Ice Magic
 + Level 3.5 Air Magic
 + Level 3.5 Earth Magic
 + Level 3.5 Poison Magic
 + Level 4.7 Invocations
 + Level 4.3 Evocations


You had 8 spell levels left.
You knew the following spells:

 Your Spells              Type           Power        Failure   Level  Hunger
a - Pain                  Necr           ####         1%          1    None
d - Vampiric Draining     Necr           ######....   2%          3    #......
n - Animate Skeleton      Necr           N/A          1%          1    None
r - Regeneration          Chrm/Necr      #####.....   4%          3    #......
v - Borgnjor's Vile Clut  Necr/Erth      #####.....   32%         5    #####..


Dungeon Overview and Level Annotations

Branches:
Dungeon (8/15)
 Temple: D:4-7         Lair: D:8-11

Altars:
Dithmenos
Okawaru
Trog


Innate Abilities, Weirdness & Mutations

Your experience applies equally to all skills.
You have very sharp teeth.
Your uncanny sense of smell can sniff out nearby items.
You are partially covered in slimy green scales. (AC +2)
You possess an exceptional clarity of mind.
Your spells are a little harder to cast, but a little more powerful.


Message History

The zombie hands constrict the centaur.
The zombie hands constrict the water moccasin!
You feel sick. The water moccasin barely misses you.
The centaur struggles to escape constriction.
The water moccasin misses you.
The centaur struggles to escape constriction.
Unknown command.
You puncture the water moccasin!
You kill the water moccasin!
The zombie hands constrict the centaur!
You feel sick.
The centaur shoots an arrow.
The arrow hits you.
* * * LOW HITPOINT WARNING * * *
The centaur shoots an arrow.
The arrow completely misses you.
Casting: Borgnjor's Vile Clutch
Confirm with . or Enter, or press ? or * to list all spells.
You don't know that spell.
Casting: Borgnjor's Vile Clutch
Confirm with . or Enter, or press ? or * to list all spells.
Aiming: Pain
Press: ? - help, Shift-Dir - straight line, f - centaur
Aim: a centaur, wielding a shortbow (chance to defeat MR: 84%)
The centaur barely resists.
The zombie hands constrict the centaur.
You kill the centaur!
You feel sick.
You hit the centaur.
The centaur is lightly wounded.
You feel sick. The centaur closely misses you.
The centaur hits you with a shortbow.
* * * LOW HITPOINT WARNING * * *
Casting: Pain
Confirm with . or Enter, or press ? or * to list all spells.
Your skin crawls.
You feel sick. The centaur closely misses you.
You puncture the centaur! You bite the centaur, but do no damage.
The centaur is severely wounded.
You feel sick. The centaur hits you with a shortbow.
* * * LOW HITPOINT WARNING * * *
The centaur misses you.
You hit the centaur. Your bite misses the centaur.
The centaur is almost dead.
You feel sick. The centaur barely misses you. x2
You puncture the centaur!
You kill the centaur!
You feel sick.
Things that are here:
a shortbow; 12 arrows; a water moccasin corpse
l - 112 arrows (gained 12)
You feel sick.
You feel sick.
Things that are here:
a shortbow; 27 arrows
l - 139 arrows (gained 27)
You are feeling very hungry.
You feel sick.
You feel sick.
Your skin is crawling a little less now.
You feel sick.
You see here an arrow.
l - 140 arrows (gained 1)
Your magical contamination has completely faded away.
You feel sick.
Your skin stops crawling.
A howler monkey comes into view.
Found 30 gold pieces.
You feel sick.
Found 10 gold pieces.
Found 12 gold pieces.
The howler monkey howls!
Found a scroll labeled QUURINK TOGU.
You feel sick. The howler monkey hits you.
* * * LOW HITPOINT WARNING * * *
Casting: Regeneration
Confirm with . or Enter, or press ? or * to list all spells.
The spell is very dangerous to cast!
Continue anyway? [Y]es or [N]o only, please.
The spell is very dangerous to cast!
Continue anyway?
Okay, then.
Casting: Borgnjor's Vile Clutch
Confirm with . or Enter, or press ? or * to list all spells.
The spell is very dangerous to cast!
Continue anyway?
Aiming: Borgnjor's Vile Clutch
Press: ? - help, Dir - move target cursor, f - howler monkey
Aim: a howler monkey Decaying hands burst forth from the earth!
Zombie hands grab the howler monkey.
The zombie hands constrict the howler monkey!
The howler monkey hoots and howls with incredible vigour!
The zombie hands constrict the howler monkey!
The howler monkey barely misses you.
You sock the howler monkey!
You kill the howler monkey!
You feel sick.
You are no longer poisoned.
You see here a howler monkey corpse.
You butcher the howler monkey corpse.
You see here 2 chunks of flesh.
Eat one of 2 chunks of flesh? (ye/n/q)
You eat one of the 2 chunks of flesh.
This raw flesh tastes terrible.
You see here a scroll labeled QUURINK TOGU.
D - a scroll labeled QUURINK TOGU Are you sure you want to abandon this character and quit the game? (Confirm with "yes".)

##########
#........#
#........#
#........##
#.........#######
#######....@....#
#...#####.#
#...#####.#
#...#$#.8.#
##...#$#.+.#
#....#$#.8#
#.%..#$#.##
#....#$#.##
#....#.#.##


There were no monsters in sight!

Vanquished Creatures
  Pikel (D:6)
  A water moccasin (D:5)
  An orc warrior (D:7)
  3 ogres
  A phantom (D:6)
  5 centaurs
  A big kobold (D:7)
  Blork the orc (D:4)
  A bullfrog (D:6)
  2 scorpions
  4 wights (D:8)
  A killer bee (D:8)
  2 howler monkeys (D:5)
  2 crimson imps
  3 jellies
  2 orc priests (D:8)
  6 orc wizards
  Jessica (D:2)
  An iguana (D:4)
  4 worker ants
  5 adders
  An ooze (D:1)
  An adder skeleton (D:6)
  2 dart slugs (D:1)
  2 leopard geckos
  14 orcs
  A ball python (D:5)
  2 giant cockroaches
  A goblin (D:2)
  6 jackals
  2 quokkas
  2 frilled lizards
  6 kobolds (D:7)
  A leopard gecko skeleton (D:4)
  2 quokka skeletons (D:4)
91 creatures vanquished.

Vanquished Creatures (collateral kills)
  An orc (D:7)
  A quokka skeleton (D:7)
2 creatures vanquished.

Vanquished Creatures (others)
  A black bear (D:6)
1 creature vanquished.

Grand Total: 94 creatures vanquished

Notes
Turn   | Place    | Note
-------+----------+-------------------------------------------
     0 | D:1      | tidbits the Gnoll Necromancer began the quest for the Orb.
     0 | D:1      | Reached XP level 1. HP: 13/13 MP: 6/6
    45 | D:1      | Reached XP level 2. HP: 14/19 MP: 2/7
   121 | D:2      | Noticed Jessica
   123 | D:2      | Killed Jessica
   123 | D:2      | Reached skill level 5 in Spellcasting
   123 | D:2      | Reached skill level 1 in Invocations
   123 | D:2      | Reached XP level 3. HP: 12/25 MP: 5/9
   131 | D:2      | Learned a level 3 spell: Regeneration
   134 | D:2      | Learned a level 1 spell: Animate Skeleton
   138 | D:2      | Learned a level 3 spell: Vampiric Draining
   301 | D:4      | Reached skill level 1 in Fighting
   301 | D:4      | Reached skill level 1 in Short Blades
   301 | D:4      | Reached skill level 1 in Long Blades
   301 | D:4      | Reached skill level 1 in Axes
   301 | D:4      | Reached skill level 1 in Maces & Flails
   301 | D:4      | Reached skill level 1 in Polearms
   301 | D:4      | Reached skill level 1 in Staves
   301 | D:4      | Reached skill level 1 in Slings
   301 | D:4      | Reached skill level 1 in Bows
   301 | D:4      | Reached skill level 1 in Crossbows
   301 | D:4      | Reached skill level 1 in Throwing
   301 | D:4      | Reached skill level 1 in Armour
   301 | D:4      | Reached skill level 1 in Shields
   301 | D:4      | Reached skill level 1 in Unarmed Combat
   301 | D:4      | Reached skill level 1 in Evocations
   301 | D:4      | Reached XP level 4. HP: 13/32 MP: 4/11
   305 | D:4      | Reached skill level 1 in Conjurations
   305 | D:4      | Reached skill level 1 in Hexes
   305 | D:4      | Reached skill level 1 in Charms
   305 | D:4      | Reached skill level 1 in Summonings
   305 | D:4      | Reached skill level 1 in Translocations
   305 | D:4      | Reached skill level 1 in Transmutations
   305 | D:4      | Reached skill level 1 in Fire Magic
   305 | D:4      | Reached skill level 1 in Ice Magic
   305 | D:4      | Reached skill level 1 in Air Magic
   305 | D:4      | Reached skill level 1 in Earth Magic
   305 | D:4      | Reached skill level 1 in Poison Magic
   338 | D:4      | Reached XP level 5. HP: 23/37 MP: 3/12
   393 | D:5      | Entered Level 5 of the Dungeon
   393 | D:5      | Noticed an ogre
   408 | D:5      | Killed an ogre
   408 | D:5      | Reached skill level 2 in Invocations
   408 | D:5      | Reached XP level 6. HP: 26/44 MP: 0/14
   442 | D:6      | Noticed a phantom
   446 | D:6      | Reached skill level 2 in Fighting
   446 | D:6      | Reached skill level 2 in Short Blades
   446 | D:6      | Reached skill level 2 in Long Blades
   446 | D:6      | Reached skill level 2 in Axes
   446 | D:6      | Reached skill level 2 in Maces & Flails
   446 | D:6      | Reached skill level 2 in Polearms
   446 | D:6      | Reached skill level 2 in Staves
   446 | D:6      | Reached skill level 2 in Slings
   446 | D:6      | Reached skill level 2 in Bows
   446 | D:6      | Reached skill level 2 in Crossbows
   446 | D:6      | Reached skill level 2 in Throwing
   446 | D:6      | Reached skill level 2 in Armour
   446 | D:6      | Reached skill level 5 in Dodging
   446 | D:6      | Reached skill level 2 in Shields
   446 | D:6      | Reached skill level 2 in Unarmed Combat
   446 | D:6      | Reached skill level 2 in Evocations
   470 | D:6      | Learned a level 5 spell: Borgnjor's Vile Clutch
   488 | D:6      | Killed a phantom
   511 | D:6      | Reached XP level 7. HP: 48/50 MP: 11/15
   567 | D:5      | Reached skill level 2 in Conjurations
   567 | D:5      | Reached skill level 2 in Hexes
   567 | D:5      | Reached skill level 2 in Charms
   567 | D:5      | Reached skill level 2 in Summonings
   567 | D:5      | Reached skill level 2 in Translocations
   567 | D:5      | Reached skill level 2 in Transmutations
   567 | D:5      | Reached skill level 2 in Fire Magic
   567 | D:5      | Reached skill level 2 in Ice Magic
   567 | D:5      | Reached skill level 2 in Air Magic
   567 | D:5      | Reached skill level 2 in Earth Magic
   567 | D:5      | Reached skill level 2 in Poison Magic
   617 | D:6      | Reached skill level 5 in Stealth
   623 | D:6      | Found an iron altar of Okawaru.
   661 | D:6      | Noticed Pikel
   699 | D:7      | Reached skill level 3 in Invocations
   731 | D:6      | Found a shadowy altar of Dithmenos.
   762 | D:7      | Reached XP level 8. HP: 57/57 MP: 16/16
   804 | D:7      | Reached skill level 3 in Fighting
   804 | D:7      | Reached skill level 3 in Short Blades
   804 | D:7      | Reached skill level 3 in Long Blades
   804 | D:7      | Reached skill level 3 in Axes
   804 | D:7      | Reached skill level 3 in Maces & Flails
   804 | D:7      | Reached skill level 3 in Polearms
   804 | D:7      | Reached skill level 3 in Staves
   804 | D:7      | Reached skill level 3 in Slings
   804 | D:7      | Reached skill level 3 in Bows
   804 | D:7      | Reached skill level 3 in Crossbows
   804 | D:7      | Reached skill level 3 in Throwing
   804 | D:7      | Reached skill level 3 in Armour
   804 | D:7      | Reached skill level 3 in Shields
   804 | D:7      | Reached skill level 3 in Unarmed Combat
   804 | D:7      | Reached skill level 3 in Evocations
   993 | D:7      | Reached skill level 6 in Spellcasting
  1200 | D:6      | Killed Pikel
  1200 | D:6      | Reached skill level 6 in Dodging
  1200 | D:6      | Reached skill level 3 in Conjurations
  1200 | D:6      | Reached skill level 3 in Hexes
  1200 | D:6      | Reached skill level 3 in Charms
  1200 | D:6      | Reached skill level 3 in Summonings
  1200 | D:6      | Reached skill level 3 in Translocations
  1200 | D:6      | Reached skill level 3 in Transmutations
  1200 | D:6      | Reached skill level 3 in Fire Magic
  1200 | D:6      | Reached skill level 3 in Ice Magic
  1200 | D:6      | Reached skill level 3 in Air Magic
  1200 | D:6      | Reached skill level 3 in Earth Magic
  1200 | D:6      | Reached skill level 3 in Poison Magic
  1200 | D:6      | Reached skill level 4 in Invocations
  1200 | D:6      | Reached XP level 9. HP: 30/65 MP: 9/18
  1216 | D:6      | Reached skill level 4 in Fighting
  1216 | D:6      | Reached skill level 4 in Short Blades
  1216 | D:6      | Reached skill level 4 in Long Blades
  1216 | D:6      | Reached skill level 4 in Axes
  1216 | D:6      | Reached skill level 4 in Maces & Flails
  1216 | D:6      | Reached skill level 4 in Polearms
  1216 | D:6      | Reached skill level 4 in Staves
  1216 | D:6      | Reached skill level 4 in Slings
  1216 | D:6      | Reached skill level 4 in Bows
  1216 | D:6      | Reached skill level 4 in Crossbows
  1216 | D:6      | Reached skill level 4 in Throwing
  1216 | D:6      | Reached skill level 4 in Armour
  1216 | D:6      | Reached skill level 4 in Shields
  1216 | D:6      | Reached skill level 4 in Unarmed Combat
  1216 | D:6      | Reached skill level 4 in Evocations
  1318 | D:5      | Gained mutation: You possess an exceptional clarity of mind. [potion of mutation]
  1318 | D:5      | Gained mutation: You are partially covered in slimy green scales. (AC +2) [potion of mutation]
  1318 | D:5      | Gained mutation: Your spells are a little harder to cast, but a little more powerful. [potion of mutation]
  1383 | D:4      | Found a bloodstained altar of Trog.
  1524 | D:4      | Noticed Blork the orc
  1533 | D:4      | Killed Blork the orc
  1533 | D:4      | Reached skill level 6 in Stealth
  1533 | D:4      | Reached skill level 8 in Necromancy
  1604 | D:5      | Quit the game

Skill      XL: |  1  2  3  4  5  6  7  8  9 |
---------------+----------------------------+-----
Spellcasting   | 5 6 |  6.7
Invocations    | 1 2 3 4 |  4.7
Fighting       | 1 2 3 4 |  4.3
Short Blades   | 1 2 3 4 |  4.3
Long Blades    | 1 2 3 4 |  4.3
Axes           | 1 2 3 4 |  4.3
Maces & Flails | 1 2 3 4 |  4.3
Polearms       | 1 2 3 4 |  4.3
Staves         | 1 2 3 4 |  4.3
Slings         | 1 2 3 4 |  4.3
Bows           | 1 2 3 4 |  4.3
Crossbows      | 1 2 3 4 |  4.3
Throwing       | 1 2 3 4 |  4.3
Armour         | 1 2 3 4 |  4.3
Shields        | 1 2 3 4 |  4.3
Unarmed Combat | 1 2 3 4 |  4.3
Evocations     | 1 2 3 4 |  4.3
Conjurations   | 1 2 3 |  3.5
Hexes          | 1 2 3 |  3.5
Charms         | 1 2 3 |  3.5
Summonings     | 1 2 3 |  3.5
Translocations | 1 2 3 |  3.5
Transmutations | 1 2 3 |  3.5
Fire Magic     | 1 2 3 |  3.5
Ice Magic      | 1 2 3 |  3.5
Air Magic      | 1 2 3 |  3.5
Earth Magic    | 1 2 3 |  3.5
Poison Magic   | 1 2 3 |  3.5
Dodging        | 5 6 |  6.3
Stealth        | 5 6 |  6.1
Necromancy     | 8 |  8.0

Action                   |  1- 3 |  4- 6 |  7- 9 || total
-------------------------+-------+-------+-------++-------
Melee: Mace              |     3 |       |       ||     3
       Bite              |     1 |     3 |     5 ||     9
       Spear             |     1 |    26 |     6 ||    33
       Dagger            |     1 |     4 |     9 ||    14
       Long sword        |       |       |    15 ||    15
       Morningstar       |       |       |    44 ||    44
 Cast: Pain              |    15 |    18 |    93 ||   126
       Regeneration      |     1 |     8 |     7 ||    16
       Vampiric Draining |       |     7 |     8 ||    15
       Animate Skeleton  |       |       |     2 ||     2
       Borgnjor's Vile C |       |       |     3 ||     3
Evoke: Wand              |     4 |     9 |     4 ||    17
  Use: Scroll            |       |       |    10 ||    10
       Potion            |       |       |     2 ||     2
 Stab: Sleeping          |     2 |     3 |     7 ||    12
       Distracted        |       |       |     1 ||     1
  Eat: Chunk             |       |       |     5 ||     5
Armor: Robe              |     1 |     2 |    14 ||    17
Dodge: Dodged            |     2 |    25 |    98 ||   125
       Rpst.: Long sword |       |       |     4 ||     4

Table legend:
 A = Turns spent in this place as a percentage of turns spent in the entire game.
 B = Non-inter-level travel turns spent in this place as a percentage of non-inter-level travel turns spent in the entire game.
 C = Inter-level travel turns spent in this place as a percentage of turns spent in this place.
 D = Turns resting spent in this place as a percentage of non-inter-level travel turns spent in this place.
 E = Turns spent auto-exploring this place as a percentage of non-inter-level travel turns spent in this place.
 F = Non-inter-level travel turns spent in this place divided by the number of levels of this place that you've seen.
                   A       B       C       D       E      F
               +-------+-------+-------+-------+-------+----------------------
         Total | 100.0 | 100.0 |   0.0 |   0.0 |   0.0 | 200.5
       Dungeon | 100.0 | 100.0 |   0.0 |   0.0 |   0.0 | 200.5
               +-------+-------+-------+-------+-------+----------------------

Table legend:
 A = Kills in this place as a percentage of kills in entire the game.
 B = Kills by you in this place as a percentage of kills by you in the entire game.
 C = Kills by friends in this place as a percentage of kills by friends in the entire game.
 D = Other kills in this place as a percentage of other kills in the entire game.
 E = Experience gained in this place as a percentage of experience gained in the entire game.
 F = Experience gained in this place divided by the number of levels of this place that you have seen.
                   A       B       C       D       E      F
               +-------+-------+-------+-------+-------+----------------------
         Total | 100.0 | 100.0 | 100.0 | 100.0 | 100.0 | 467.2
       Dungeon | 100.0 | 100.0 | 100.0 | 100.0 | 100.0 | 467.2
               +-------+-------+-------+-------+-------+----------------------

Vault maps used:
D:1:      eino_arrival_tree_alley
D:2:      chequers_ecumenical_altar_twisty, uniq_jessica, uniq_natasha
D:3:      lemuel_crystal_altar
D:4:      bloody_trog, serial_curves, eino_curves_02, eino_curves_03,
          first_ration, nemelex_spade_bored_becter, uniq_blork_the_orc
D:5:      lemuel_ice_spiral_2
D:6:      kennysheep_little_box, minmay_temple_entry_large_hall,
          grunt_dithmenos_smoke_and_mirrors, uniq_pikel
